AoeStats
← frizboum

Black Forest

513266557Analyzed
4v4 RM · 4d ago on Oct 12, 2026· 42m 58s· 8 players
Game mode
Random Map
Map size
Large (8 player)
Population
200
Speed
Normal
Resources
Standard
Victory
Conquest
Starting age
Dark Age
Ending age
Imperial Age
RankedLock teamsTeams togetherTeam positionsShared explorationLock speedFull tech treeHidden civsTurbo modeCheats
Victory
Defeat
🇩🇪 Italians · Germany
770
+16
🇫🇷 Malay · France
753
+17
🇦🇷 Bohemians · Argentina
752
+17
🇬🇧 Hindustanis · United Kingdom
717
+18
vs
🇹🇷 Huns · Türkiye
800
-18
🇬🇧 Japanese · United Kingdom
797
-18
🇬🇧 Huns · United Kingdom
766
-17
🇲🇽 Persians · Mexico
715
-15
M22
12:23 Feudal Age
14:23 Double-Bit Axe
14:24 Horse Collar
15:51 Loom
19:47 Castle Age
22:59 Chemistry
31:30 Fletching
35:32 Wheelbarrow
37:59 Imperial Age
36:54 Hand Cart
39:08 Conscription
39:22 Bow Saw
39:13 Heavy Plow
Olof Berserker
1:10 Loom
12:42 Feudal Age
14:46 Double-Bit Axe
14:44 Horse Collar
19:32 Castle Age
20:33 Bow Saw
20:26 Heavy Plow
22:19 Stone Mining
24:12 Gold Mining
27:14 Wheelbarrow
26:25 Town Watch
27:19 Gold Shaft Mining
29:39 Fervor
29:47 Hand Cart
30:17 Murder Holes
30:44 Forging
31:46 Masonry
34:27 Imperial Age
32:29 Fletching
32:54 Grand Trunk Road
33:53 Iron Casting
34:13 Scale Barding Armor
34:27 Squires
34:35 Husbandry
34:46 Bloodlines
35:09 Town Patrol
35:36 Conscription
35:27 Shatagni
35:52 Caravan
38:08 Chemistry
36:33 Elite Skirmisher
36:40 Light Cavalry
38:01 Arson
40:22 Heavy Camel Rider
41:39 Hussar
42:32 Imperial Camel Rider
Icewulf 11
0:31 Loom
13:57 Feudal Age
16:51 Double-Bit Axe
16:48 Horse Collar
22:57 Castle Age
21:16 Forging
21:26 Padded Archer Armor
22:05 Scale Mail Armor
22:39 Stone Mining
23:06 Fletching
23:13 Crossbowman
24:14 Bow Saw
24:34 Thumb Ring
26:56 Iron Casting
27:29 Leather Archer Armor
29:19 Bodkin Arrow
29:28 Heavy Plow
33:18 Chain Mail Armor
33:33 Caravan
37:22 Imperial Age
35:16 Murder Holes
37:16 Coinage
37:40 Ballistics
39:29 Chemistry
39:32 Blast Furnace
39:35 Two-Man Saw
40:02 Ring Archer Armor
41:20 Plate Mail Armor
42:22 Elite Genoese Crossbowman
frizboum
0:46 Loom
16:55 Feudal Age
16:32 Double-Bit Axe
18:43 Wheelbarrow
19:25 Horse Collar
25:53 Man-at-Arms
27:54 Arson
37:06 Castle Age
37:00 Bow Saw
37:09 Forging
36:51 Fletching
37:15 Heavy Plow
37:24 Caravan
37:55 Coinage
37:50 Long Swordsman
41:47 Iron Casting
41:08 Bodkin Arrow
TwiTch Control
0:28 Loom
25:28 Feudal Age
25:32 Man-at-Arms
25:58 Arson
27:35 Scale Mail Armor
28:48 Gold Mining
33:55 Castle Age
GEvans7
0:27 Loom
14:53 Feudal Age
16:08 Double-Bit Axe
16:18 Horse Collar
16:34 Gold Mining
18:10 Stone Mining
22:01 Castle Age
22:26 Forging
22:23 Scale Barding Armor
22:19 Scale Mail Armor
23:39 Heavy Plow
24:34 Gold Shaft Mining
25:30 Husbandry
25:49 Bow Saw
27:20 Iron Casting
27:57 Wheelbarrow
28:22 Bloodlines
29:00 Hand Cart
31:11 Chain Barding Armor
33:13 Chain Mail Armor
32:59 Fishing Lines
36:33 Imperial Age
35:10 Fortified Wall
35:21 Ballistics
35:13 Masonry
34:43 Treadmill Crane
38:35 Two-Man Saw
38:41 Chemistry
37:47 Siege Engineers
38:18 Plate Mail Armor
38:48 Blast Furnace
38:27 Town Watch
38:35 Fletching
38:45 Padded Archer Armor
38:39 Gillnets
38:14 Pikeman
39:19 Elite Samurai
40:20 Conscription
40:14 Caravan
41:49 Squires
41:34 Gambesons
41:35 Arson
41:58 Bodkin Arrow
42:41 Leather Archer Armor
TwoMazatl
0:33 Loom
15:11 Feudal Age
21:35 Castle Age
20:54 Horse Collar
21:04 Double-Bit Axe
29:36 Man-at-Arms
29:37 Pikeman
30:03 Gambesons
35:33 Imperial Age
35:50 Wheelbarrow
36:25 Husbandry
36:36 Bloodlines
36:59 Hand Cart
37:50 Gold Mining
39:40 Gold Shaft Mining
39:09 Heavy Plow
39:14 Cavalier
40:51 Padded Archer Armor
41:01 Forging
41:32 Elite Skirmisher
42:17 Kamandaran
42:38 Conscription
42:22 Fletching
etlipilav4381
6:09 Loom
13:14 Feudal Age
14:45 Wheelbarrow
14:00 Double-Bit Axe
13:59 Horse Collar
20:56 Man-at-Arms
30:15 Castle Age
29:35 Forging
29:31 Scale Barding Armor
30:54 Long Swordsman
33:09 Hand Cart
34:03 Bow Saw
33:57 Heavy Plow
37:31 Stone Mining
37:32 Gold Mining
39:29 Gold Shaft Mining
39:35 Husbandry
39:46 Bloodlines
40:03 Light Cavalry
Connection lost

Rejoining the realm…

Still unreachable

The connection could not be restored.

Session expired

The server has moved on; the page needs a fresh start.